 Dungeon Crawl Stone Soup version 0.30-a0-377-g5cb311bc9f (webtiles) character file.

Game seed: 9171092708409255701

261 sanka the Cudgeller (level 6, -3/38 HPs)
             Began as a Gargoyle Fighter on Nov 28, 2022.
             Slain by Edmund
             ... wielding a +4 dire flail of holy wrath
              (11 damage)
             ... on level 4 of the Dungeon.
             The game lasted 00:04:03 (2835 turns).

sanka the Cudgeller (Gargoyle Fighter)              Turns: 2835, Time: 00:04:03

Health: -3/38      AC: 11    Str: 20 (21) XL:     6   Next: 18%
Magic:  6/6        EV:  9    Int:  6 (9)  God:
Gold:   189        SH:  4    Dex:  8 (9)  Spells: 5/5 levels left

rFire   . . .      SeeInvis .    a - +0 flail
rCold   . . .      Faith    .    c - +0 buckler
rNeg    + . .      Spirit   .    b - +0 scale mail
rPois   ∞          Reflect  .    (no helmet)
rElec   +          Harm     .    (no cloak)
rCorr   .          Rampage  .    (no gloves)
Will    .....                    (no boots)
Stlth   ..........               j - amulet of the acrobat
HPRegen 0.26/turn                (no ring)
MPRegen 0.10/turn                (no ring)

@: mighty
A: sickness immunity, AC +4, negative energy resistance 1, electricity
resistance, torment resistance 1, petrification resistance
a: no special abilities


You were on level 4 of the Dungeon.
You visited 1 branch of the dungeon, and saw 4 of its levels.

You collected 189 gold pieces.


Innate Abilities, Weirdness & Mutations

You are immune to sickness and miasma.
Your stone body is resilient. (AC +4)
You are immune to poison.
You resist negative energy. (rN+)
You are resistant to electric shocks. (rElec)
You are resistant to unholy torment.
You are immune to petrification.


   Skills:
 - Level 4.0 Fighting
 + Level 6.0 Maces & Flails
 - Level 3.2 Armour
 - Level 3.2 Shields


You had 5 spell levels left.
You didn't know any spells.
Your spell library contained the following spells:

 Spells                   Type           Power      Damage    Failure   Level
 Sting                    Tmut/Pois      0%         1d3       88%         1
 Poisonous Vapours        Pois/Air       0%         N/A       95%         2
 Olgreb's Toxic Radiance  Pois           0%         N/A       100%        4

Inventory:

Hand Weapons
 a - a +0 flail (weapon)
Armour
 b - a +0 scale mail (worn)
 c - a +0 buckler (worn)
 t - a +0 kite shield
Jewellery
 j - an amulet of the acrobat (around neck)
Scrolls
 d - a scroll of enchant weapon {unknown}
 e - a scroll of noise {unknown}
 f - 2 scrolls of enchant armour {unknown}
 i - 4 scrolls of magic mapping {unknown}
 k - a scroll of amnesia {unknown}
 s - a scroll of teleportation {unknown}
 w - a scroll of identify {unknown}
Potions
 g - a potion of brilliance
 h - a potion of cancellation {unknown}
 l - a potion of berserk rage {unknown}
 m - 2 potions of heal wounds {@q2}
 n - 2 potions of curing {unknown}
 o - 3 potions of haste {unknown}
 p - a potion of mutation {unknown}
 q - a potion of attraction {unknown}
 r - 2 potions of degeneration {!q}
 u - a potion of magic {unknown}

Dungeon Overview and Level Annotations

Branches:
Dungeon (4/15)
 Temple: D:4-7

Altars:

Annotations:
D:2 1 runed translucent door, Crazy Yiuf
D:4 Edmund

........▒▒
▒.........▒
.........▒▒
▒.........
▒.........▒▒
▒.....▒
▒..........▒
▒....▒
...........▒
▒▒..▒▒
...........▒
▒▒..▒▒
▒..........▒▒
▒▒..▒▒
▒▒..........▒▒
▒▒@▒▒▒
▒▒..........▒▒▒8▒▒
▒..........▒..▒▒
▒▒▒▒.........▒▒
▒▒)......▒▒ ▒▒▒
▒▒.....▒▒
▒▒.▒▒▒▒▒...▒▒
▒.......▒..▒
▒▒..<......▒▒
▒.......)..▒


You could see Edmund.


Message History

Edmund closely misses you.
You barely miss Edmund.
Edmund is lightly wounded.
Edmund hits you but does no damage.
You closely miss Edmund.
Edmund is lightly wounded.
Edmund hits you but does no damage. You block Edmund's attack.
You closely miss Edmund.
Edmund is lightly wounded.
Edmund hits you with a +4 dire flail of holy wrath.
You bludgeon Edmund!!
Edmund is heavily wounded.
Edmund closely misses you.
You thump Edmund!
Edmund is severely wounded.
Edmund hits you with a +4 dire flail of holy wrath.
* * * LOW HITPOINT WARNING * * *
You barely miss Edmund.
Edmund is severely wounded.
Edmund hits you with a +4 dire flail of holy wrath.
* * * LOW HITPOINT WARNING * * *
You hit Edmund.
Edmund is severely wounded.
Edmund hits you with a +4 dire flail of holy wrath.
* * * LOW HITPOINT WARNING * * *
You sock Edmund!
Edmund is almost dead.
Edmund hits you with a +4 dire flail of holy wrath!
You die...

Action                   |  1- 3 |  4- 6 || total
-------------------------+-------+-------++-------
Melee: Flail             |    89 |   130 ||   219
  Use: Potion            |     3 |     3 ||     6
Armor: Scale mail        |    48 |    48 ||    96
Dodge: Dodged            |    53 |    62 ||   115
Block: Buckler           |    14 |    18 ||    32

Levels and vault maps discovered:
D:1:      roderic_crossed_star, layout_basic, minmay_pentomino_u2
D:2:      layout_rooms, serial_forest, infiniplex_forest_straight_2,
          infiniplex_forest_end_3, infiniplex_forest_straight_2,
          infiniplex_forest_lined_2, infiniplex_forest_lined_corner,
          infiniplex_forest_lined_2, infiniplex_forest_clump_medium,
          kennysheep_generic_room_5, uniq_sigmund, uniq_crazy_yiuf_cottage
D:3:      layout_loops_ring, serial_forest, infiniplex_forest_lined_2,
          infiniplex_forest_lined_2, infiniplex_forest_lined_ring,
          infiniplex_forest_side_room, infiniplex_forest_lined_room_3,
          infiniplex_forest_zigzag_2, infiniplex_forest_end_2,
          infiniplex_forest_corner_1, kennysheep_another_room,
          kennysheep_flooded_box, kennysheep_generic_room_15
D:4:      layout_cave_pods, nicolae_overflow_hidden_temple, uniq_edmund,
          uniq_blork_the_orc

Notes
Turn   | Place    | Note
-------+----------+-------------------------------------------
     0 | D:1      | sanka the Gargoyle Fighter began the quest for the Orb.
     0 | D:1      | Reached XP level 1. HP: 14/14 MP: 1/1
   178 | D:1      | Reached XP level 2. HP: 15/19 MP: 2/2
   524 | D:1      | Reached XP level 3. HP: 24/24 MP: 3/3
   787 | D:2      | Reached skill level 4 in Fighting
   805 | D:2      | Reached skill level 3 in Maces & Flails
   967 | D:2      | Noticed Sigmund
   990 | D:2      | Identified a potion of resistance
   998 | D:2      | Killed Sigmund
   999 | D:2      | Reached skill level 5 in Maces & Flails
   999 | D:2      | Reached XP level 4. HP: 5/29 MP: 4/4
   999 | D:2      | Reached XP level 5. HP: 5/33 MP: 5/5
  1323 | D:2      | Found a runed translucent door.
  1324 | D:2      | Noticed Crazy Yiuf
  1649 | D:3      | Reached XP level 6. HP: 38/38 MP: 6/6
  2802 | D:4      | Noticed Edmund
  2811 | D:4      | Reached skill level 6 in Maces & Flails
  2835 | D:4      | Slain by Edmund

Vanquished Creatures
  Sigmund (D:2)
  3 adders
  4 worms (D:2)
  3 dart slugs
  4 ball pythons
  8 endoplasms
  A giant cockroach (D:1)
  8 goblins
  4 hobgoblins
  7 bats
  3 frilled lizards
  6 kobolds
  6 rats
58 creatures vanquished.

Vanquished Creatures (others)
  5 plants
5 creatures vanquished.

Grand Total: 63 creatures vanquished
